 Dungeon Crawl Stone Soup version 0.29.1-4-g47bece8355 (webtiles) character file.

Game seed: 1916194669992213142

1182 MajorAdolf the Stinger (level 8, 0/69 HPs)
             Began as a Naga Wanderer on Dec 4, 2022.
             Slain by a yak (15 damage)
             ... on level 5 of the Dungeon.
             The game lasted 00:08:34 (6312 turns).

MajorAdolf the Stinger (Naga Wanderer)              Turns: 6312, Time: 00:08:34

Health: 0/69       AC:  5    Str: 10    XL:     8   Next: 42%
Magic:  2/14       EV:  9    Int: 17    God:
Gold:   272        SH:  0    Dex: 13    Spells: 11/15 levels left

rFire   . . .      SeeInvis +   A - +2 whip (elec)
rCold   . . .      Faith    .   (no shield)
rNeg    . . .      Spirit   .   d - +0 robe
rPois   +          Reflect  .   u - +0 helmet
rElec   .          Harm     .   b - +0 cloak
rCorr   .          Rampage  .   (no gloves)
Will    +....                   (no barding)
Stlth   +++.......              (no amulet)
HPRegen 0.21/turn               (no ring)
MPRegen 0.14/turn               (no ring)

@: very slow
A: AC +2, large, see invisible, deformed body, poison resistance, slowness 2,
spit poison 1, naga tail 1
a: Spit Poison


You were on level 5 of the Dungeon.
You visited 1 branch of the dungeon, and saw 5 of its levels.

You collected 272 gold pieces.

Inventory:

Hand Weapons
 a - a +0 long sword
 h - the +4 mace of Disarray {vorpal, +Blink rF+ rC+}
   (You found it on level 2 of the Dungeon)

   It inflicts extra damage upon your enemies.
   rF:        It protects you from fire.
   rC:        It protects you from cold.
   +Blink:    It lets you blink.
 m - a +0 short sword of holy wrath
 A - a +2 whip of electrocution (weapon)
Armour
 b - a +0 cloak (worn)
 d - a +0 robe (worn)
 s - a +0 buckler
 u - a +0 helmet (worn)
Magical Staves
 y - a staff of fire
Wands
 k - a wand of light (15)
 n - a wand of flame (55)
Scrolls
 i - 4 scrolls of identify {unknown}
 l - 2 scrolls of teleportation {unknown}
 p - a scroll of brand weapon {unknown}
 t - 3 scrolls of immolation {unknown}
 x - a scroll of poison {unknown}
Potions
 c - a potion of curing
 e - a potion of resistance {unknown}
 f - 3 potions of brilliance {unknown}
 g - a potion of ambrosia {unknown}
 j - a potion of lignification {unknown}
 o - a potion of heal wounds {unknown}
 q - 2 potions of mutation {unknown}
 r - a potion of degeneration {unknown}
 v - 3 potions of flight {unknown}
 w - a potion of cancellation {unknown}
 z - 3 potions of attraction {unknown}
 B - a potion of might {unknown}


   Skills:
 + Level 3.1 Fighting
 - Level 3.0 Long Blades
 - Level 1.0 Throwing
 - Level 5.8 Stealth
 + Level 2.8 Shields
 + Level 4.4 Spellcasting
 + Level 4.6 Transmutations
 + Level 6.5 Poison Magic


You had 11 spell levels left.
You knew the following spells:

 Your Spells              Type           Power      Damage    Failure   Level
a - Sting                 Tmut/Pois      88%        1d7       1%          1
b - Ignite Poison         Fire/Tmut/Pois 16%        N/A       10%         3

Your spell library contained the following spells:

 Spells                   Type           Power      Damage    Failure   Level
 Dazzling Flash           Conj/Hex       6%         N/A       41%         3
 Tukima's Dance           Hex            3%         N/A       41%         3
 Iskenderun's Mystic Bla  Conj/Tloc      3%         2d3       83%         4
 Passage of Golubria      Tloc           3%         N/A       83%         4
 Yara's Violent Unravell  Hex/Tmut       5%         3d4       86%         5
 Starburst                Conj/Fire      1%         6d3       100%        6


Dungeon Overview and Level Annotations

Branches:
Dungeon (5/15)
 Temple: D:4-7

Altars:
Makhleb
Qazlal

Shops:
D:3 !


Innate Abilities, Weirdness & Mutations

Your serpentine skin is tough. (AC +2)
You have supernaturally acute eyesight. (SInv)
Armour fits poorly on your strangely shaped body.
Your system is resistant to poisons. (rPois)
You cover ground very slowly.
You can spit poison.
You have a snake-like lower body.


Message History

You miscast Sting.
You are very lightly contaminated with residual magic.
Nothing appears to happen.
The yak gores you!
The sting misses the yak.
The sting hits the yak.
The yak is poisoned.
The yak is lightly wounded.
The yak closely misses you.
The sting hits the yak!
The yak is poisoned.
The yak is almost dead.
You kill the yak!
The sting misses the yak.
The sting hits the yak but does no damage.
The yak is poisoned.
The yak gores you.
The sting hits the yak.
The yak looks even sicker.
The yak is lightly wounded.
The yak barely misses you.
The sting hits the yak but does no damage.
The yak looks even sicker.
The yak is moderately wounded.
The yak gores you but does no damage.
The sting hits the yak.
The yak looks as sick as possible!
The yak is moderately wounded.
The yak gores you!
Your magical contamination has completely faded away.
Unknown command.
You whack the yak!
The yak is severely wounded.
The yak gores you!
* * * LOW HITPOINT WARNING * * *
You hit the yak.
The yak is almost dead.
You kill the yak!
Your Fighting skill increases to level 3!
Unknown command.
You hit the yak.
The yak is lightly wounded.
The yak barely misses you. The yak gores you!
* * * LOW HITPOINT WARNING * * *
Unknown command.
You feel better.
The yak looks more healthy.
The yak gores you!
You die...

....... ########## .......
#......... .......
#......... .....YY
########......... .......
................. .......
########.........
.......###########.........
..>......Y@................
.......####.###############
###########'####
#..........# . #..........#
.. #..........#
#..........##
##########..### #.........#


You could see a yak.

Vanquished Creatures
  3 yaks (D:5)
  An ogre (D:4)
  A kobold brigand (D:4)
  A necrophage (D:4)
  2 scorpions (D:5)
  Crazy Yiuf (D:2)
  A jelly (D:5)
  A gnoll bouda (D:3)
  Jessica (D:2)
  Terence (D:2)
  Natasha (thrice) (D:2)
  An orc wizard (D:3)
  8 gnolls
  4 adders
  A white imp (D:5)
  A worm (D:2)
  2 orcs (D:3)
  7 endoplasms
  5 giant cockroaches
  5 goblins
  3 hobgoblins (D:1)
  6 jackals
  3 quokkas
  6 ball pythons
  6 bats
  10 kobolds
  4 rats
88 creatures vanquished.

Vanquished Creatures (others)
  A fungus (D:2)
1 creature vanquished.

Grand Total: 89 creatures vanquished

Notes
Turn   | Place    | Note
-------+----------+-------------------------------------------
     0 | D:1      | MajorAdolf the Naga Wanderer began the quest for the Orb.
     0 | D:1      | MajorAdolf set off with the following items: a +0 long
                  | sword, a +0 cloak, a potion of curing, a +0 robe; and the
                  | following spell memorised: Sting; and the following spells
                  | available to memorise: Ignite Poison.
     0 | D:1      | Reached XP level 1. HP: 15/15 MP: 2/2
   209 | D:1      | Reached XP level 2. HP: 22/22 MP: 0/3
   211 | D:1      | Reached skill level 2 in Poison Magic
   275 | D:1      | Reached skill level 1 in Transmutations
   696 | D:1      | Reached XP level 3. HP: 28/28 MP: 5/5
  1137 | D:2      | Identified the +4 mace of Disarray {vorpal, +Blink rF+ rC+}
  1211 | D:2      | Found a burning altar of Makhleb.
  1225 | D:2      | Noticed Jessica
  1302 | D:2      | Killed Jessica
  1303 | D:2      | Reached skill level 3 in Poison Magic
  1303 | D:2      | Reached XP level 4. HP: 36/36 MP: 2/7
  1414 | D:2      | Learned a level 3 spell: Ignite Poison
  1539 | D:2      | Noticed Terence
  1562 | D:2      | Killed Terence
  1841 | D:2      | Noticed Natasha
  1974 | D:2      | Killed Natasha
  1975 | D:2      | Reached XP level 5. HP: 2/42 MP: 6/8
  2033 | D:2      | Noticed Natasha
  2265 | D:2      | Killed Natasha
  2317 | D:2      | Noticed Natasha
  2322 | D:2      | Killed Natasha
  2323 | D:2      | Reached skill level 4 in Poison Magic
  2402 | D:2      | Found a runed translucent door.
  2403 | D:2      | Noticed Crazy Yiuf
  2598 | D:2      | HP: 2/40 [Crazy Yiuf/+3 quarterstaff of chaos (1)]
  2599 | D:2      | Killed Crazy Yiuf
  2600 | D:2      | Reached XP level 6. HP: 2/49 MP: 10/10
  2976 | D:3      | Found a stormy altar of Qazlal.
  3259 | D:3      | Found Suostax's Distillery.
  4260 | D:4      | Reached skill level 1 in Fighting
  4260 | D:4      | Reached skill level 1 in Shields
  4260 | D:4      | Reached skill level 5 in Poison Magic
  4654 | D:4      | Reached XP level 7. HP: 25/57 MP: 1/12
  4830 | D:4      | You fall into a shaft and drop 1 floor!
  4830 | D:5      | Entered Level 5 of the Dungeon
  6290 | D:5      | Noticed a yak
  6290 | D:5      | Noticed a yak
  6290 | D:5      | Noticed a yak
  6290 | D:5      | Noticed a yak
  6301 | D:5      | Killed a yak
  6302 | D:5      | Reached skill level 6 in Poison Magic
  6302 | D:5      | Reached XP level 8. HP: 52/68 MP: 7/14
  6304 | D:5      | Killed a yak
  6310 | D:5      | Killed a yak
  6312 | D:5      | Slain by a yak

Illustrated notes

Levels and vault maps discovered:
D:1:      spicycebolla_arrival_ecumenical, layout_basic, grunt_decor_junction,
          amcnicky_mini_rare_corridor_liquid
D:2:      layout_basic, basic_altar, uniq_terence, uniq_crazy_yiuf_cottage,
          uniq_natasha, uniq_jessica
D:3:      layout_basic, lemuel_tele_altar, serial_shops, shop,
          chequers_serial_rivers_small_a
D:4:      layout_basic
D:5:      layout_basic

Skill      XL: |  1  2  3  4  5  6  7  8 |
---------------+-------------------------+-----
Poison Magic   | 2 3 4 5 6 |  6.5
Transmutations | 1 2 3 4 |  4.6
Spellcasting   | 2 3 4 |  4.4
Fighting       | 1 2 3 |  3.1
Shields        | 1 2 |  2.8
Long Blades    | |  3.0
Throwing       | |  1.0
Stealth        | |  5.8

Action                   |  1- 3 |  4- 6 |  7- 9 || total
-------------------------+-------+-------+-------++-------
Melee: Long sword        |    12 |       |       ||    12
       Mace              |    10 |    44 |     4 ||    58
       Whip              |       |       |    12 ||    12
 Cast: Sting             |    14 |    43 |    40 ||    97
       Ignite Poison     |       |     3 |    10 ||    13
 Abil: Spit Poison       |    17 |    15 |     8 ||    40
  Use: Potion            |       |       |     1 ||     1
 Stab: Sleeping          |     4 |     4 |       ||     8
Armor: Robe              |    13 |    26 |    22 ||    61
Dodge: Dodged            |    25 |    38 |    28 ||    91
